 Dungeon Crawl Stone Soup version 0.19-a0-1675-gc11f27c (webtiles) character file.

36 Amciq the Cudgeler (level 3, 0/36 HPs)
             Began as a Troll Monk on Sept 23, 2016.
             Slain by a worm (8 damage)
             ... on level 2 of the Dungeon.
             The game lasted 00:02:48 (960 turns).

Amciq the Cudgeler (Troll Monk)                      Turns: 960, Time: 00:02:49

Health: 0/36       AC:  5    Str: 20    XL:     3   Next: 19%
Magic:  2/2        EV: 10    Int:  6    God:
Gold:   69         SH:  0    Dex: 12    Spells: 0 memorised, 2 levels left

rFire  . . .     SeeInvis .     h - -2 mace (curse)
rCold  . . .     Gourm    +     b - +0 robe
rNeg   . . .     Faith    .     (no shield)
rPois  .         Spirit   .     (helmet restricted)
rElec  .         Dismiss  .     (no cloak)
rCorr  .         Reflect  .     (gloves unavailable)
MR     .....     Harm     .     (boots unavailable)
Stlth  +.........               (no amulet)
                                (no ring)
                                (no ring)

@: no status effects
A: unfitting armour, claws 3, fast metabolism 3, gourmand, regeneration 1,
shaggy fur 1, tough skin 2
a: no special abilities


You were on level 2 of the Dungeon.
You were very full.

You visited 1 branch of the dungeon, and saw 2 of its levels.

You collected 69 gold pieces.

Inventory:

Hand Weapons
 a - a +0 mace
 h - a cursed -2 mace (weapon)
Armour
 b - a +0 robe (worn)
Comestibles
 c - 2 bread rations
 d - a meat ration
 f - 2 fruits


   Skills:
 + Level 2.5 Fighting
 * Level 3.1 Maces & Flails
 * Level 1.1 Throwing
 + Level 0.8 Armour
 + Level 2.5 Dodging
 - Level 1.1 Stealth


You had 2 spell levels left.
You didn't know any spells.

Dungeon Overview and Level Annotations

Branches:
Dungeon (2/15)

Altars:
Ru


Innate Abilities, Weirdness & Mutations

You are too large for most types of armour.
You have claws for hands.
Your metabolism is lightning-fast.
You like to eat raw meat.
Your natural rate of healing is unusually fast.
You are covered in fur. (AC +1)
You have very tough skin. (AC +2)


Message History

You hit the goblin but do no damage. The goblin barely misses you.
You hit the goblin but do no damage. The goblin hits you with a club.
You hit the goblin.
The goblin is heavily wounded.
The goblin hits you with a club.
You hit the goblin but do no damage.
The goblin is heavily wounded.
The goblin hits you with a club. The goblin closely misses you.
You hit the goblin.
You kill the goblin!
You barely miss the worm. The worm misses you.
You hit the worm.
The worm is lightly wounded.
The worm bites you.
You hit the worm but do no damage. You barely miss the worm.
The worm misses you.
You hit the worm but do no damage. The worm bites you!
* * * LOW HITPOINT WARNING * * *
You hit the worm but do no damage. The worm bites you!
You die...

####### ###### #.....####
#.....# #)###....#####
#......### #.#....≈.≈....
#........########.#.#.≈.≈.≈###
.....8?..$..w@..>.....#...##
##..8.8..#.######.#.###.≈.#
#.8._.8.#.# #.#.# #...#
#..8.8..#.# #.#.# #.≈.#
.....8.....# #.#.# #...#
...........# #.#.###.≈.####
..[...#....# #.#...#...##..
.....####.# #.#####≈_≈##.#
#≈≈≈##.#


You could see a worm.

Vanquished Creatures
  A leopard gecko (D:1)
  A ball python (D:1)
  A bat (D:1)
  3 giant cockroaches (D:1)
  10 goblins
  2 hobgoblins (D:1)
  4 jackals (D:1)
  2 frilled lizards (D:1)
  A kobold (D:1)
  4 rats (D:1)
29 creatures vanquished.

Notes
Turn   | Place    | Note
-------+----------+-------------------------------------------
     0 | D:1      | Amciq the Troll Monk began the quest for the Orb.
     0 | D:1      | Reached XP level 1. HP: 22/22 MP: 0/0
   122 | D:1      | Reached XP level 2. HP: 29/29 MP: 1/1
   270 | D:1      | Reached skill level 3 in Maces & Flails
   545 | D:1      | Reached skill level 1 in Throwing
   611 | D:1      | Reached XP level 3. HP: 34/36 MP: 2/2
   879 | D:2      | Found a sacrificial altar of Ru.
   921 | D:2      | Found a faded altar of an unknown god.
   960 | D:2      | Slain by a worm

Vault maps used:
D:1:      minmay_arrival_stone_box, hangedman_decor_opposing,
          columned_hall_lemuel
D:2:      nicolae_ru_path_of_blood, ecumenical_altar_2, minmay_tetromino_l4

Skill      XL: |  1  2 |
---------------+-------+-----
Maces & Flails | 3 |  3.1
Throwing       | 1 |  1.1
Fighting       | |  2.5
Armour         | |  0.8
Dodging        | |  2.5
Stealth        | |  1.1

Action                   || total
-------------------------++-------
Melee: Mace              ||   115
  Use: Scroll            ||     3
 Stab: Sleeping          ||     1
  Eat: Chunk             ||    14
Armor: Robe              ||    53
Dodge: Dodged            ||    81
